 Dungeon Crawl Stone Soup version 0.32-a0-536-ge1f55a6 (webtiles) character file.

Game seed: 17110543028836566263

1487 OneBallLeft the Slasher (level 8, 0/43 HPs)
             Began as a Vine Stalker Fighter on Feb 28, 2024.
             Slain by Duvessa
             ... wielding a +3 short sword of flaming
              (3 damage)
             ... on level 5 of the Dungeon.
             The game lasted 00:12:39 (4359 turns).

OneBallLeft the Slasher (Vine Stalker Fighter)      Turns: 4359, Time: 00:12:39

Health: 0/43       AC: 16    Str: 20    XL:     8   Next: 80%
Magic:  0/9        EV:  9    Int:  8    God:
Gold:   281        SH:  5    Dex: 15    Spells: 7/7 levels left

rFire   . . .        a - +2 long sword (freeze)
rCold   . . .        c - +0 buckler
rNeg    . . .        b - +0 scale mail
rPois   .            (no helmet)
rElec   .            (no cloak)
rCorr   .            (no gloves)
SInv    .            w - +0 pair of boots
Will    +....        (no amulet) Stlth
                     m - ring of the Tortoise {AC+8}
HPRegen 1.07/turn    (no ring)
MPRegen 0.11/turn

%: guardian spirit
@: no status effects
A: fangs 3, regeneration 1, magic shield, antimagic bite, no potion heal 2
a: no special abilities


You were on level 5 of the Dungeon.
You visited 2 branches of the dungeon, and saw 7 of its levels.
You also visited: Sewer.

You collected 281 gold pieces.

Inventory:

Hand Weapons
 a - a +2 long sword of freezing (weapon)
Missiles
 i - a throwing net (quivered)
Armour
 b - a +0 scale mail (worn)
 c - a +0 buckler (worn)
 w - a +0 pair of boots (worn)
Jewellery
 m - the ring of the Tortoise (left hand) {AC+8}
   (You acquired it on level 2 of the Dungeon)

   [ring of protection]

   AC+8:      It affects your AC (+8).
Wands
 u - a wand of iceblast (6)
 A - a wand of polymorph (7)
Scrolls
 d - a scroll of amnesia {unknown}
 e - 2 scrolls of teleportation
 f - a scroll of acquirement
 h - a scroll of immolation
 j - 3 scrolls of fear
 l - 2 scrolls of revelation
 p - a scroll of poison
 q - a scroll of fog
 s - a scroll of butterflies {unknown}
 t - a scroll of silence {unknown}
Potions
 g - a potion of curing {unknown}
 k - a potion of brilliance
 n - a potion of haste {unknown}
 r - a potion of invisibility {unknown}
 v - a potion of cancellation {unknown}
 x - a potion of degeneration {unknown}
 z - a potion of might


   Skills:
 - Level 5.0 Fighting
 - Level 7.0 Long Blades
 + Level 4.1 Armour
 - Level 5.0 Shields


You had 7 spell levels left.
You didn't know any spells.
Your spell library contained the following spells:

 Spells                   Type           Power      Damage    Failure   Level
 Dazzling Flash           Conj/Hex       0%         N/A       99%         3
 Mephitic Cloud           Conj/Alch/Air  0%         N/A       99%         3
 Curse of Agony           Necr           0%         N/A       100%        5
 Silence                  Hex/Air        0%         N/A       100%        5


Dungeon Overview and Level Annotations

Branches:
Dungeon (6/15)             Temple (1/1) D:6           Sewer (visited)

Altars:
Ashenzari
Cheibriados
Dithmenos
Elyvilon
Gozag
Hepliaklqana
Makhleb
Nemelex Xobeh
Ru
Sif Muna
Trog
Uskayaw
Vehumet
Wu Jian
Xom
Yredelemnul
The Shining One

Shops:
D:2 **   D:5 (!

Annotations:
D:5 Duvessa
Temple 4 transporters


Innate Abilities, Weirdness & Mutations

You have razor-sharp teeth.
Your natural rate of healing is unusually fast.
When hurt, damage is shared between your health and your magic reserves.
Your bite disrupts and absorbs the magic of your enemies.
Potions cannot restore your health.


Message History

Magic restored.
Duvessa, Sister of Dowan comes into view.
She is wielding a +3 short sword of flaming.
Duvessa shouts!
Duvessa goes berserk!
You closely miss Duvessa. Your bite misses Duvessa.
Duvessa hits you with a +3 short sword of flaming!
Duvessa burns you. Duvessa hits you but does no damage.
Duvessa attacks as she pursues you!
Duvessa hits you with a +3 short sword of flaming.
Duvessa burns you.
Duvessa hits you with a +3 short sword of flaming.
Duvessa burns you.
Duvessa hits you with a +3 short sword of flaming!
Duvessa burns you.
Things that are here:
a +0 robe; a +0 dagger Duvessa hits you with a +3 short sword of flaming.
Duvessa burns you.
Duvessa hits you with a +3 short sword of flaming.
* * * LOW HITPOINT WARNING * * *
Duvessa burns you.
* * * LOW HITPOINT WARNING * * *
Duvessa attacks as she pursues you! You block Duvessa's attack.
Duvessa misses you. Duvessa attacks as she pursues you!
Duvessa closely misses you. You block Duvessa's attack.
Duvessa attacks as she pursues you! You block Duvessa's attack.
There is an escape hatch in the ceiling here.
Duvessa hits you with a +3 short sword of flaming.
* * * LOW HITPOINT WARNING * * *
Duvessa burns you.
* * * LOW HITPOINT WARNING * * *
A mysterious force pulls you upwards. The hatch slams shut behind you.
Duvessa attacks as she pursues you! Duvessa barely misses you.
You block Duvessa's attack. Duvessa attacks as she pursues you!
Duvessa hits you with a +3 short sword of flaming!
* * * LOW HITPOINT WARNING * * *
Duvessa burns you.
You die...

....#......##.##.####
..#...#....#........###
.......##.....>##.....#
.#..#.........###.....#
.#....##..............#
.#......._....###.....#
.##...........###.....#
..#................####
......_..♣.._..e@..#
...................#
..................(#
........._...[.....#
............[......#
..........[..#######
...≈~≈.......#
...≈∩~..#[#..#
...≈~≈..#.#..#


You could see Duvessa (berserk).

Vanquished Creatures
  A steam dragon (D:6)
  Pargi (Sewer)
  An ogre (D:6)
  A centaur (D:5)
  A phantom (D:5)
  A brain worm (Sewer)
  2 bullfrogs (D:6)
  2 scorpions
  5 wights (D:5)
  Dowan (D:6)
  A howler monkey (D:6)
  2 bombardier beetles
  A jelly (Sewer)
  Jessica (D:3)
  2 iguanas (D:6)
  A gnoll (D:1)
  11 adders
  2 white imps (D:5)
  2 ribbon worms
  2 dart slugs
  3 orcs
  6 bats
  7 endoplasms
  5 giant cockroaches
  12 goblins
  8 hobgoblins
  A jackal (D:3)
  10 kobolds
  5 quokkas
  6 ball pythons
  6 frilled lizards
  2 rats (D:1)
112 creatures vanquished.

Notes
Turn   | Place    | Note
-------+----------+-------------------------------------------
     0 | D:1      | OneBallLeft the Vine Stalker Fighter began the quest for
                  | the Orb.
     0 | D:1      | Reached XP level 1. HP: 11/11 MP: 2/2
    66 | D:1      | Reached skill level 2 in Long Blades
   136 | D:1      | Reached XP level 2. HP: 16/16 MP: 3/3
   698 | D:1      | Reached skill level 3 in Long Blades
   734 | D:1      | Reached XP level 3. HP: 19/19 MP: 4/4
  1234 | D:2      | Reached XP level 4. HP: 23/23 MP: 5/5
  1485 | D:2      | Identified 2 scrolls of acquirement
  1485 | D:2      | Acquired the ring of the Tortoise {AC+8}
  1485 | D:2      | Found the ring of the Tortoise {AC+8}
  1496 | D:2      | Reached skill level 4 in Long Blades
  1608 | D:2      | Found Viraics's Assorted Antiques.
  1650 | D:2      | Found Hyruz's Assorted Antiques.
  1780 | D:2      | Reached XP level 5. HP: 27/27 MP: 6/6
  2061 | D:3      | Noticed Jessica
  2068 | D:3      | Killed Jessica
  2069 | D:3      | Reached skill level 5 in Long Blades
  2194 | D:3      | Found a faded altar of an unknown god.
  2649 | D:4      | Reached XP level 6. HP: 32/32 MP: 7/7
  2735 | D:4      | Found an opulent altar of Gozag.
  2735 | D:4      | Found a shadowy altar of Dithmenos.
  2805 | D:4      | Found a glowing drain.
  2824 | Sewer    | Entered a sewer
  2880 | Sewer    | Reached skill level 6 in Long Blades
  2951 | Sewer    | Noticed Pargi
  2954 | Sewer    | Killed Pargi
  2955 | Sewer    | Reached XP level 7. HP: 35/35 MP: 8/8
  3339 | D:5      | Entered Level 5 of the Dungeon
  3349 | D:5      | Reached skill level 7 in Long Blades
  3357 | D:5      | Found an ornate altar of the Wu Jian Council.
  3486 | D:5      | Found Ohumeporgh's Distillery.
  3488 | D:5      | Found a hide-covered altar of Uskayaw.
  3491 | D:5      | Found a sparkling altar of Nemelex Xobeh.
  3508 | D:5      | Found a hazy altar of Hepliaklqana.
  3511 | D:5      | Found a broken altar of Ashenzari.
  3559 | D:5      | Reached skill level 5 in Fighting
  3559 | D:5      | Gained mutation: You have razor-sharp teeth. [Vine Stalker
                  | growth]
  3559 | D:5      | Reached XP level 8. HP: 41/43 MP: 9/9
  3620 | D:5      | Found a radiant altar of Vehumet.
  3775 | D:5      | Found Qeacoajy's Antique Weapon Shoppe.
  4164 | D:6      | Reached skill level 5 in Shields
  4220 | D:6      | Found a staircase to the Ecumenical Temple.
  4221 | D:6      | Noticed Dowan
  4242 | D:6      | Killed Dowan
  4253 | Temple   | Found a transporter.
  4253 | Temple   | Found a transporter.
  4253 | Temple   | Found a transporter.
  4253 | Temple   | Found a transporter.
  4253 | Temple   | Entered the Ecumenical Temple
  4328 | D:6      | Noticed Duvessa
  4359 | D:5      | Slain by Duvessa

Illustrated notes

Levels and vault maps discovered:
D:1:      beargit_arrival_diablo_church, layout_basic
D:2:      layout_loops_ring, serial_shops, nicolae_shop_pleasant_corner_grove,
          nicolae_shop_overgrown_old_shop, kennysheep_generic_room_4
D:3:      minmay_diamond_boxcup, layout_basic,
          shapermc_ecumenical_altar_totnotflames, uniq_jessica
D:4:      layout_cave_pools, gammafunk_temple_overflow_statue,
          gup_sewer_entry_pipe
D:5:      layout_rooms, mainiacjoe_overflow_surrounded_room,
          mainiacjoe_overflow_alcove_4, grunt_temple_overflow_open,
          serial_shops, nicolae_shop_advertising_works
          [nicolae_subvault_shop_adworks], nicolae_shop_industrial_runoff,
          nicolae_zen_rock_garden
D:6:      layout_layer_cave, old_standard_altar,
          minmay_temple_entry_statues_fountains, dreamdust_mushroom_princess,
          uniq_edmund, uniq_jeremiah, uniq_duvessa
Temple:   hellmonk_temple_divided_pantheon

Skill      XL: |  1  2  3  4  5  6  7  8 |
---------------+-------------------------+-----
Long Blades    | 2 3 4 5 6 7 |  7.0
Fighting       | 5 |  5.0
Shields        | 5 |  5.0
Armour         | 4 |  4.1

Action                     |  1- 3 |  4- 6 |  7- 9 || total
---------------------------+-------+-------+-------++-------
  Melee: Long sword        |    66 |   160 |   118 ||   344
         Bite              |    14 |    40 |    41 ||    95
    Use: Scroll            |       |     8 |     2 ||    10
         Potion            |       |     1 |       ||     1
 Armour: Scale mail        |    36 |   112 |    97 ||   245
  Dodge: Dodged            |    23 |    57 |    57 ||   137
         Repelled          |     1 |     1 |     1 ||     3
  Block: Buckler           |    16 |    40 |    31 ||    87

Table legend: (Time is in decaauts)
 A = Elapsed time spent in this place.
 B = Non-inter-level travel time spent in this place.
 C = Inter-level travel time spent in this place.
 D = Time resting spent in this place.
 E = Time spent auto-exploring this place.
 F = Levels seen in this place.
 G = Mean time per level.
                   A        B        C        D        E       F      G
               +--------+--------+--------+--------+--------+-----+--------+
         Total |   4424 |   4256 |    168 |     22 |   2932 |   8 |  553.0 |
       Dungeon |   4184 |   4016 |    168 |     22 |   2880 |   6 |  697.3 |
        Temple |     50 |     50 |      0 |      0 |      0 |   1 |   50.0 |
         Sewer |    190 |    190 |      0 |      0 |     52 |   1 |  190.0 |
               +--------+--------+--------+--------+--------+-----+--------+

Top non-repeatable levels by time:
     D:1: 1127 daAuts
     D:2: 808 daAuts
     D:3: 701 daAuts
     D:5: 638 daAuts
     D:4: 569 daAuts
     D:6: 338 daAuts
   Sewer: 190 daAuts
  Temple: 50 daAuts
